 Dungeon Crawl Stone Soup version 0.31-a0-1522-g43313d8a59 (webtiles) character file.

Game seed: 2776417633227710005

3 AstroCodex24 the Shield-Bearer (level 1, -3/18 HPs)
             Began as a Demigod Fighter on Dec 30, 2023.
             Slain by a gnoll
             ... wielding a +0 spear
              (4 damage)
             ... on level 3 of the Dungeon.
             The game lasted 00:00:37 (108 turns).

AstroCodex24 the Shield-Bearer (Demigod Fighter)     Turns: 108, Time: 00:00:39

Health: -3/18      AC:  6    Str: 17    XL:     1   Next: 33%
Magic:  3/3        EV:  9    Int: 10    God:
Gold:   0          SH:  4    Dex: 13    Spells: 0/0 levels left

rFire   . . .        a - +0 war axe
rCold   . . .        c - +0 buckler
rNeg    . . .        b - +0 scale mail
rPois   .            (no helmet)
rElec   .            (no cloak)
rCorr   .            (no gloves)
SInv    .            (no boots)
Will    .....        (no amulet) Stlth
                     (no ring)
HPRegen 0.23/turn    (no ring)
MPRegen 0.08/turn

%: no passive effects
@: no status effects
A: high MP 1, forlorn, divine attributes
a: no special abilities


You were on level 3 of the Dungeon.
You visited 1 branch of the dungeon, and saw 3 of its levels.

Inventory:

Hand Weapons
 a - a +0 war axe (weapon)
Armour
 b - a +0 scale mail (worn)
 c - a +0 buckler (worn)
 i - a +0 kite shield
Scrolls
 e - a scroll of identify {unknown}
 g - a scroll of silence {unknown}
 h - a scroll of amnesia {unknown}
Potions
 d - a potion of might
 f - 3 potions of mutation {unknown}


   Skills:
 + Level 2.7 Fighting
 + Level 1.7 Axes
 + Level 2.7 Armour
 + Level 2.8 Shields


You couldn't memorise any spells.
You didn't know any spells.
Your spell library contained the following spells:

 Spells                   Type           Power      Damage    Failure   Level
 Sculpt Simulacrum        Ice/Alch       0%         N/A       100%        6
 Ozocubu's Refrigeration  Ice            0%         4d7       100%        7
 Polar Vortex             Ice            0%         N/A       100%        9


Dungeon Overview and Level Annotations

Branches:
Dungeon (3/15)

Annotations:
D:1 1 transporter


Innate Abilities, Weirdness & Mutations

You have an increased reservoir of magic. (+10% MP)
You shall have no god before yourself.
Your divine heritage dramatically boosts your attributes as you level up.


Message History

Found a stone staircase leading up.
The kobold hits you with a +0 short sword.
You hit the kobold.
The kobold is moderately wounded.
You block the kobold's attack.
You slash the kobold!
You kill the kobold!
You see here a +0 short sword.
h - a scroll labelled JYZXAGR QARGHEWNE
There is a stone staircase leading down here.
HP restored.
You climb downwards.
Found 7 stones and a kite shield.
There is a stone staircase leading up here.
Found an orange potion.
An adder comes into view.
You see here a +0 kite shield.
i - a +0 kite shield The adder hisses angrily.
You hear a shout!
A gnoll comes into view. It is wielding a +0 spear.
The gnoll shouts!
A gnoll comes into view. It is wielding a +0 spear.
The gnoll shouts!
A gnoll comes into view. It is wielding a +0 halberd.
You block the adder's attack.
You closely miss the adder.
The adder bites you but does no damage. x2
The gnoll hits you from afar with a +0 spear.
You closely miss the adder. The adder closely misses you.
The gnoll hits you from afar with a +0 spear.
You block the adder's attack.
You closely miss the adder. The adder barely misses you.
The gnoll hits you from afar with a +0 spear!
The adder barely misses you.
You hit the adder but do no damage. The adder bites you but does no damage.
The gnoll barely misses you.
The gnoll hits you from afar with a +0 spear.
* * * LOW HITPOINT WARNING * * *
The adder bites you but does no damage.
The gnoll hits you from afar with a +0 spear.
You die...

## .. .### ...
#######.####.#
#.....@Sgg....
#.......g###..
#........#
#......#.#
#......#.#
#......#.#
#......# #
#....(.#
#..<...#


You could see 3 gnolls and an adder.

Vanquished Creatures
  2 goblins (D:2)
  A kobold (D:2)
  A rat (D:2)
4 creatures vanquished.

Notes
Turn   | Place    | Note
-------+----------+-------------------------------------------
     0 | D:1      | AstroCodex24 the Demigod Fighter began the quest for the
                  | Orb.
     0 | D:1      | Reached XP level 1. HP: 18/18 MP: 3/3
   108 | D:3      | Slain by a gnoll

Illustrated notes

Levels and vault maps discovered:
D:1:      spicycebolla_arrival_transporter_tutorial, layout_loops_ring
D:2:      layout_rooms
D:3:      layout_basic, mainiacjoe_overflow_alcove_1,
          hellmonk_ecumenical_altar_watching_god

Action                     || total
---------------------------++-------
  Melee: War axe           ||     9
 Armour: Scale mail        ||    12
  Dodge: Dodged            ||     5
  Block: Buckler           ||     5

Table legend: (Time is in decaauts)
 A = Elapsed time spent in this place.
 B = Non-inter-level travel time spent in this place.
 C = Inter-level travel time spent in this place.
 D = Time resting spent in this place.
 E = Time spent auto-exploring this place.
 F = Levels seen in this place.
 G = Mean time per level.
                   A        B        C        D        E       F      G
               +--------+--------+--------+--------+--------+-----+--------+
         Total |    113 |    113 |      0 |      0 |      0 |   3 |   37.7 |
       Dungeon |    113 |    113 |      0 |      0 |      0 |   3 |   37.7 |
               +--------+--------+--------+--------+--------+-----+--------+

Top non-repeatable levels by time:
     D:2: 79 daAuts
     D:3: 17 daAuts
     D:1: 16 daAuts
